 Dungeon Crawl Stone Soup version 0.31-a0-963-ga325b2283a (webtiles) character file.

Game seed: 16200026831841290025

327 Maxmaps the Changeling (level 6, -7/38 HPs)
             Began as an Octopode Shapeshifter on Oct 25, 2023.
             Was an Initiate of Gozag.
             Mangled by an orc
             ... wielding a +0 trident
              (8 damage)
             ... on level 4 of the Dungeon.
             The game lasted 00:03:47 (3652 turns).

Maxmaps the Changeling (Octopode Shapeshifter)      Turns: 3652, Time: 00:03:47

Health: -7/38      AC:  1    Str: 13    XL:     6   Next: 50%
Magic:  6/6        EV: 12    Int: 15    God:    Gozag
Gold:   239        SH:  5    Dex: 11    Spells: 5/5 levels left

rFire   . .          .
                       - Unarmed
rCold   . . .        j - +2 buckler
rNeg    . . .        (helmet currently unavailable)
rPois   .            (no amulet)
rElec   .            (no ring)
rCorr   .            (no ring)
SInv    .            (no ring)
Will    .....        (no ring)
Stlth   ++           (no ring)
HPRegen 0.26/turn    (no ring)
MPRegen 0.10/turn    (no ring)
                     (no ring)

%: no passive effects
@: beast-form, gold aura
A: beast (slay +3), almost no armour, amphibious, 8 rings, camouflage 1,
gelatinous body 1, (nimble swimmer 1), tentacles
a: Begin Untransformation, Renounce Religion, Potion Petition, Call Merchant,
Bribe Branch


You were on level 4 of the Dungeon.
You worshipped Gozag.
Gozag was aware of your devotion.
You were a hulking beast.
You visited 2 branches of the dungeon, and saw 5 of its levels.

You collected 309 gold pieces.
You paid 70 gold pieces to Gozag.

Inventory:

Armour
 j - a +2 buckler (worn)
Talismans
 b - a beast talisman
 c - a flux talisman
Wands
 f - a wand of roots (12)
 p - a wand of paralysis (4)
Potions
 m - 2 potions of cancellation


   Skills:
 - Level 1.0 Fighting
 - Level 2.0 Dodging
 - Level 3.0 Unarmed Combat
 + Level 6.6 Shapeshifting


You had 5 spell levels left.
You didn't know any spells.
Your spell library contained the following spells:

 Spells                   Type           Power      Damage    Failure   Level
 Freeze                   Ice            0%         1d3       36%         1
 Summon Small Mammal      Summ           0%         N/A       36%         1
 Ensorcelled Hibernation  Hex/Ice        0%         N/A       50%         2
 Jinxbite                 Hex            0%         N/A       50%         2
 Lesser Beckoning         Tloc           0%         N/A       50%         2
 Call Canine Familiar     Summ           0%         N/A       75%         3
 Frozen Ramparts          Ice            0%         1d1       75%         3
 Gell's Gravitas          Tloc           0%         N/A       75%         3
 Hailstorm                Conj/Ice       0%         3d3       75%         3
 Summon Guardian Golem    Hex/Summ       0%         N/A       75%         3
 Teleport Other           Tloc           0%         N/A       75%         3
 Anguish                  Hex/Necr       0%         N/A       98%         4


Dungeon Overview and Level Annotations

Branches:
Dungeon (4/15)             Temple (1/1) D:4

Altars:
Ashenzari
Dithmenos
Gozag
Kikubaaqudgha
Makhleb
Okawaru
Qazlal
Ru
Sif Muna
Trog
Vehumet
Wu Jian
Yredelemnul
Zin


Innate Abilities, Weirdness & Mutations

You are a hulking beast.
Your limbs bulge with bestial killing power. (Slay +3)
You cannot wear most types of armour.
You are amphibious.
You can wear up to eight rings at the same time.
Your skin changes colour to match your surroundings (Stealth+).
Your rubbery body absorbs attacks. (AC +1, EV +1)
((You are camouflaged when in or above water. (Stealth+)))
You have tentacles for arms and can constrict up to eight enemies at once.


Message History

The orc wizard is lightly wounded.
You constrict the orc wizard.
The orc wizard hits you with a +0 battleaxe.
You tentacle-slap the orc wizard. You squeeze the orc wizard.
The orc wizard is almost dead.
You constrict the orc wizard. The orc misses you.
The orc wizard closely misses you.
You tentacle-slap the orc wizard.
You kill the orc wizard!
The orc completely misses you.
Found a scroll of identify.
The orc hits you with a +0 trident. The orc barely misses you.
Things that are here:
26 gold pieces; a +0 battleaxe; a +0 robe You tentacle-slap the orc.
Your grab misses the orc.
The orc is moderately wounded.
A jackal comes into view.
You block the orc's attack. The orc closely misses you.
You barely miss the orc.
The jackal barks!
You grab the orc.
The orc is moderately wounded.
You constrict the orc.
The orc priest invokes the aid of Beogh against you.
Beogh smites you!
* * * LOW HITPOINT WARNING * * *
The orc hits you with a +0 trident.
* * * LOW HITPOINT WARNING * * *
You block the orc's attack.
Okay, then.
You aren't carrying any scrolls.
Okay, then.
You tentacle-slap the orc. You squeeze the orc.
You kill the orc!
The orc hits you from afar with a +0 trident.
* * * LOW HITPOINT WARNING * * *
Unknown command.
The orc hits you with a +0 trident!
You die...
Your body crumbles into a pile of gold.

....#.#.##.# #.#
.#.##....#.#####.#
.#.##............###.###
.#.##....#######........
.#....#.## #.###.###
...####.# #.# .#.# #.#
#.# .#.# #'# #$# # # ...
#h# ... #o# .#.


#ho .).. #oh. .... ..... #### #..... ##?#.#. ##...# You could see an orc priest,
2 orcs and 2 jackals.

Vanquished Creatures
  A hound (D:4)
  An iguana (D:2)
  3 orc wizards
  Robin (D:4)
  5 gnolls
  5 adders
  8 orcs
  8 ball pythons
  3 endoplasms
  2 giant cockroaches
  7 hobgoblins
  4 jackals (D:4)
  A quokka (D:1)
  6 bats
  4 frilled lizards
  16 goblins
  7 kobolds
  7 rats
89 creatures vanquished.

Notes
Turn   | Place    | Note
-------+----------+-------------------------------------------
     0 | D:1      | Maxmaps the Octopode Shapeshifter began the quest for the
                  | Orb.
     0 | D:1      | Reached XP level 1. HP: 13/13 MP: 1/1
   193 | D:1      | Reached XP level 2. HP: 18/18 MP: 2/2
   530 | D:1      | Reached skill level 4 in Shapeshifting
   530 | D:1      | Reached XP level 3. HP: 23/23 MP: 3/3
  1120 | D:2      | Reached XP level 4. HP: 17/28 MP: 4/4
  1415 | D:2      | You fall into a shaft and drop 1 floor!
  1427 | D:2      | Reached skill level 5 in Shapeshifting
  1788 | D:3      | Reached XP level 5. HP: 23/33 MP: 5/5
  2763 | D:4      | Found a staircase to the Ecumenical Temple.
  2772 | Temple   | Entered the Ecumenical Temple
  2782 | Temple   | Became a worshipper of Gozag Ym Sagoz the Greedy
  2842 | D:4      | Noticed Robin
  2854 | D:4      | Reached skill level 6 in Shapeshifting
  2855 | D:4      | HP: 1/33 [Robin/+0 short sword (5)]
  2862 | D:4      | Killed Robin
  2863 | D:4      | Reached XP level 6. HP: 4/38 MP: 6/6
  3651 | D:4      | HP: 1/38 [orc/+0 trident (4)]
  3652 | D:4      | Mangled by an orc

Illustrated notes

Levels and vault maps discovered:
D:1:      co_arrival_square_in_a_square_in_a_square, layout_basic,
          kennysheep_boxes
D:2:      layout_loops_ring, minmay_misc_feat_enclosed
D:3:      layout_loops_corners
D:4:      layout_loops_corners, minitemple, temple_pool_b,
          gammafunk_ghost_nasty_kobolds, uniq_robin
Temple:   compressed_dpeg_circular_temple

Skill      XL: |  1  2  3  4  5 |
---------------+----------------+-----
Shapeshifting  | 4 5 6 |  6.6
Fighting       | |  1.0
Dodging        | |  2.0
Unarmed Combat | |  3.0

Action                     |  1- 3 |  4- 6 || total
---------------------------+-------+-------++-------
  Melee: Unarmed           |    49 |   116 ||   165
         Constrict         |    11 |    28 ||    39
         Tentacles         |     7 |    21 ||    28
         Punch             |     1 |     3 ||     4
    Use: Potion            |       |     7 ||     7
         Scroll            |       |     5 ||     5
   Stab: Sleeping          |     9 |     2 ||    11
 Armour: Skin              |    16 |    79 ||    95
  Dodge: Dodged            |    22 |    67 ||    89
  Block: Buckler           |       |    33 ||    33

Table legend: (Time is in decaauts)
 A = Elapsed time spent in this place.
 B = Non-inter-level travel time spent in this place.
 C = Inter-level travel time spent in this place.
 D = Time resting spent in this place.
 E = Time spent auto-exploring this place.
 F = Levels seen in this place.
 G = Mean time per level.
                   A        B        C        D        E       F      G
               +--------+--------+--------+--------+--------+-----+--------+
         Total |   3628 |   3540 |     88 |    618 |   2401 |   5 |  725.6 |
       Dungeon |   3608 |   3536 |     72 |    618 |   2401 |   4 |  902.0 |
        Temple |     19 |      3 |     16 |      0 |      0 |   1 |   19.0 |
               +--------+--------+--------+--------+--------+-----+--------+

Top non-repeatable levels by time:
     D:3: 1189 daAuts
     D:1: 829 daAuts
     D:2: 823 daAuts
     D:4: 765 daAuts
  Temple: 19 daAuts
